 Dungeon Crawl Stone Soup version 0.20-a0-214-gb74cb0e (webtiles) character file.

21 deepsabbath the Firebug (level 2, 0/15 HPs)
             Began as a Deep Elf Fire Elementalist on Nov 27, 2016.
             Succumbed to an adder's poison
             ... on level 2 of the Dungeon.
             The game lasted 00:03:14 (1362 turns).

deepsabbath the Firebug (DEFE)                      Turns: 1362, Time: 00:03:15

Health: 0/15       AC:  4    Str:  5    XL:     2   Next: 62%
Magic:  8/8        EV:  9    Int: 19    God:
Gold:   72         SH:  0    Dex: 15    Spells: 7/7 levels left

rFire  . . .     SeeInvis .     h - +0 mace
rCold  . . .     Gourm    .     o - -1 ring mail (curse)
rNeg   . . .     Faith    .     (no shield)
rPois  .         Spirit   .     (no helmet)
rElec  .         Reflect  .     (no cloak)
rCorr  .         Harm     .     (no gloves)
MR     .....                    (no boots)
Stlth  +.........               (no amulet)
                                (no ring)
                                (no ring)

@: lethally poisoned (0 -> -7)
A: no striking features
a: no special abilities


You were on level 2 of the Dungeon.
You were very hungry.

You visited 1 branch of the dungeon, and saw 2 of its levels.

You collected 72 gold pieces.

Inventory:

Hand Weapons
 h - a +0 mace (weapon)
   (You found it on level 1 of the Dungeon)
Missiles
 e - 4 needles of frenzy
 k - 23 stones (quivered)
Armour
 a - a +0 robe
 o - a cursed -1 ring mail (worn)
   (You found it on level 1 of the Dungeon)
Scrolls
 d - 2 scrolls of magic mapping {!r}
 j - a scroll of recharging
 n - a scroll of random uselessness
Books
 b - a book of Flames
Comestibles
 c - a bread ration {@e1}
 l - 6 fruits


   Skills:
 * Level 1.5 Maces & Flails
 - Level 2.5 Dodging
 - Level 2.4 Stealth
 - Level 3.0 Spellcasting
   Level 1.2 Conjurations
   Level 3.2 Fire Magic


You had 7 spell levels left.
You didn't know any spells.

Dungeon Overview and Level Annotations

Branches:
Dungeon (2/15)

Altars:


Message History

Done exploring.
You are feeling very hungry.
(D) Dungeon
Where to? (Enter - D:1 @ (x,y), ? - help)
There is a stone staircase leading down here.
You climb downwards.
A worm comes into view.
The worm bites you.
There is a stone staircase leading up here.
You take 2 damage, and have 13/15 hp.
The worm bites you but does no damage.
You climb upwards.
There is a stone staircase leading down here.
Health restored: 15 The hobgoblin hits you but does no damage.
There is a stone staircase leading down here.
The hobgoblin hits you with a club.
You climb downwards.
There is a stone staircase leading up here.
You take 2 damage, and have 13/15 hp.
You start resting.
Health restored: 15 A hobgoblin comes into view.
No target in view!
No target in view!
The hobgoblin shouts!
p - a scroll labeled XYENUA YMEOCS A goblin comes into view.
The goblin shouts!
The hobgoblin hits you.
You take 2 damage, and have 13/15 hp.
You hit the hobgoblin.
You kill the hobgoblin!
Aim: a goblin You throw a stone.
The stone hits the goblin.
Aim: a goblin (moderately wounded)
You throw a stone.
The stone hits the goblin but does no damage.
The goblin hits you.
You take 2 damage, and have 11/15 hp.
You hit the goblin.
You kill the goblin!
No target in view!
No target in view!
k - 22 stones (gained 1)
k - 23 stones (gained 1)
You start resting.
An adder comes into view.
The adder hisses angrily.
As you read the scroll labeled GIS INEATS, it crumbles to dust.
It is a scroll of recharging.
You aren't carrying any rechargeable items.
Okay, then.
You miss the adder. The adder bites you.
You are poisoned.
The adder poisons you!
You take 3 damage, and have 10/15 hp.
You hit the adder.
You feel sick. The adder bites you but does no damage. The adder bites you.
You take 2 damage, and have 8/15 hp.
You closely miss the adder. The adder bites you but does no damage.
The adder closely misses you.
You hit the adder but do no damage.
You feel sick. The adder bites you but does no damage.
You take 1 damage, and have 7/15 hp.
Okay, then.
It was a potion of magic.
Magic courses through your body. The adder barely misses you.
The adder closely misses you.
You completely miss the adder.
You feel sick. The adder bites you but does no damage.
You take 1 damage, and have 6/15 hp.
You barely miss the adder. The adder bites you but does no damage.
The adder bites you.
You hit the adder. The adder bites you but does no damage. The adder bites you.
* * * LOW HITPOINT WARNING * * *
You are lethally poisoned!
The adder poisons you!
You take 2 damage, and have 4/15 hp.
As you read the scroll labeled LALEUMO LIADWO, it crumbles to dust.
The scroll dissolves into smoke.
It was a scroll of fog.
* * * LOW HITPOINT WARNING * * *
You feel sick. The adder closely misses you.
You take 1 damage, and have 3/15 hp.
As you read the scroll labeled TELA HIUSOOM, it crumbles to dust.
You assume a fearsome visage.
The adder looks frightened!
It was a scroll of fear.
* * * LOW HITPOINT WARNING * * *
You feel sick.
You take 1 damage, and have 2/15 hp.
As you read the scroll labeled TOPPUE TUIXURIEWU, it crumbles to dust.
It is a scroll of identify.
n - a scroll of random uselessness
As you read the scroll labeled XYENUA YMEOCS, it crumbles to dust.
It is a scroll of amnesia.
Forget which spell ([?*] list [ESC] exit)?
Your memory of Flame Tongue unravels.
* * * LOW HITPOINT WARNING * * *
You feel sick.
You take 1 damage, and have 1/15 hp.
You die...

# #. ###.###
.....# ###.#.##
.......##
##.....## #
#......§#####.#
#......§§§§@§.#
#..<...§#######
##<....##
##...## #####


There were no monsters in sight!

Vanquished Creatures
  A dart slug (D:1)
  A leopard gecko (D:1)
  A giant cockroach (D:1)
  A hobgoblin (D:2)
  3 jackals (D:1)
  A ball python (D:1)
  3 bats
  A frilled lizard (D:1)
  2 goblins
  A kobold (D:1)
  2 rats (D:1)
17 creatures vanquished.

Notes
Turn   | Place    | Note
-------+----------+-------------------------------------------
     0 | D:1      | deepsabbath the Deep Elf Fire Elementalist began the quest for the Orb.
     0 | D:1      | Reached XP level 1. HP: 10/10 MP: 6/6
   512 | D:2      | Reached skill level 1 in Maces & Flails
   512 | D:2      | Reached XP level 2. HP: 12/15 MP: 8/8
  1357 | D:2      | HP: 3/15 [poisoned by an adder]
  1360 | D:2      | HP: 1/15 [poisoned by an adder]
  1362 | D:2      | Succumbed to an adder's poison

Vault maps used:
D:1:      lordsloth_arrival_two_stooges
D:2:      first_bread

Skill      XL: |  1 |
---------------+----+-----
Maces & Flails | 1 |  1.5
Dodging        | |  2.5
Stealth        | |  2.4
Spellcasting   | |  3.0
Conjurations   | |  1.2
Fire Magic     | |  3.2

Action                   || total
-------------------------++-------
Melee: Mace              ||    68
       Unarmed           ||     8
Throw: Stone             ||    24
  Use: Scroll            ||     6
       Potion            ||     1
 Stab: Sleeping          ||     2
Armor: Robe              ||    18
       Ring mail         ||     8
Dodge: Dodged            ||    70

Vault maps used:
D:1:      lordsloth_arrival_two_stooges
D:2:      first_bread

Table legend:
 A = Turns spent in this place as a percentage of turns spent in the entire game.
 B = Non-inter-level travel turns spent in this place as a percentage of non-inter-level travel turns spent in the entire game.
 C = Inter-level travel turns spent in this place as a percentage of turns spent in this place.
 D = Turns resting spent in this place as a percentage of non-inter-level travel turns spent in this place.
 E = Turns spent auto-exploring this place as a percentage of non-inter-level travel turns spent in this place.
 F = Non-inter-level travel turns spent in this place divided by the number of levels of this place that you've seen.
                   A       B       C       D       E      F
               +-------+-------+-------+-------+-------+----------------------
         Total | 100.0 | 100.0 |   0.5 |   5.1 |   2.6 | 215.5
       Dungeon | 100.0 | 100.0 |   0.5 |   5.1 |   2.6 | 215.5
               +-------+-------+-------+-------+-------+----------------------

Table legend:
 A = Kills in this place as a percentage of kills in entire the game.
 B = Kills by you in this place as a percentage of kills by you in the entire game.
 C = Kills by friends in this place as a percentage of kills by friends in the entire game.
 D = Other kills in this place as a percentage of other kills in the entire game.
 E = Experience gained in this place as a percentage of experience gained in the entire game.
 F = Experience gained in this place divided by the number of levels of this place that you have seen.
                   A       B       C       D       E      F
               +-------+-------+-------+-------+-------+----------------------
         Total | 100.0 | 100.0 |  -nan |  -nan | 100.0 |  15.0
       Dungeon | 100.0 | 100.0 |  -nan |  -nan | 100.0 |  15.0
               +-------+-------+-------+-------+-------+----------------------
